 Dungeon Crawl Stone Soup version 0.31-a0-692-gf03d1854d5 (webtiles) character file.

Game seed: 16022826058477513976

4232 qw the Skirmisher (level 10, -3/64 HPs)
             Began as a Gargoyle Hunter on Sept 6, 2023.
             Was an Initiate of Okawaru.
             Killed by the air
             ... invoked by Gastronok
              (38 damage)
             ... on level 8 of the Dungeon.
             The game lasted 00:03:45 (6836 turns).

qw the Skirmisher (Gargoyle Hunter)                 Turns: 6836, Time: 00:03:46

Health: -3/64      AC: 14    Str: 15    XL:     10   Next: 30%
Magic:  20/20      EV: 18    Int: 10    God:    Okawaru [......]
Gold:   384        SH:  5    Dex: 17    Spells: 9/9 levels left

rFire   + . .        Y - +3 shortbow
rCold   . . .        (shield currently unavailable)
rNeg    + . .        m - +0 troll leather armour {Pargi}
rPois   inf          (no helmet)
rElec   +            (no cloak)
rCorr   .            f - +0 pair of gloves "Meuvegon" {rF+ MP+9 SInv}
SInv    +            l - +2 pair of boots
Will    .....        b - amulet of reflection
Stlth   ++           h - +5 ring of evasion
HPRegen 1.10/turn    (no ring)
MPRegen 0.17/turn

%: reflection
@: no status effects
A: sickness immunity, AC +7, negative energy resistance 1, electricity
resistance, torment resistance 1, petrification resistance
a: Renounce Religion


You were on level 8 of the Dungeon.
You worshipped Okawaru.
Okawaru was noncommittal.
You visited 2 branches of the dungeon, and saw 10 of its levels.
You also visited: Sewer.

You collected 468 gold pieces.
You spent 84 gold pieces at shops.


Innate Abilities, Weirdness & Mutations

You are immune to sickness and miasma.
Your stone body is resilient. (AC +7)
You are immune to poison.
You resist negative energy. (rN+)
You are resistant to electric shocks. (rElec)
You are resistant to unholy torment.
You are immune to petrification.


   Skills:
 - Level 8.1 Fighting
 - Level 12.2 Ranged Weapons
 - Level 3.0 Armour
 + Level 3.5 Dodging
 - Level 1.1 Stealth
 - Level 2.5 Invocations


You had 9 spell levels left.
You didn't know any spells.
Your spell library was empty.

Inventory:

Hand Weapons
 Y - a +3 shortbow (weapon)
Armour
 f - the +0 pair of gloves "Meuvegon" (worn) {rF+ MP+9 SInv}
   (You found it on level 6 of the Dungeon)

   rF+:       It protects you from fire.
   MP+9:      It affects your magic capacity (+9).
   SInv:      It lets you see invisible.
 j - a +1 leather armour of fire resistance
 l - a +2 pair of boots (worn)
 m - a +0 troll leather armour (worn) {Pargi}
Jewellery
 b - an amulet of reflection (around neck)
 h - a +5 ring of evasion (left hand)
 n - a ring of fire
Scrolls
 d - 2 scrolls of identify
Potions
 a - a potion of mutation
 c - a potion of enlightenment
 g - 2 potions of haste
 k - a potion of curing
 r - a potion of magic
 s - a potion of might

Dungeon Overview and Level Annotations

Branches:
Dungeon (9/15)             Temple (1/1) D:6           Sewer (visited)
   Lair: D:8-11         Orc: D:9-12

Altars:
Ashenzari
Cheibriados
Dithmenos
Elyvilon
Fedhas
Gozag
Hepliaklqana
Kikubaaqudgha
Makhleb
Nemelex Xobeh
Okawaru
Qazlal
Sif Muna
Trog
Vehumet
Wu Jian
Xom
Yredelemnul
Zin
The Shining One

Shops:
D:2 ![((?

Annotations:
D:8 Gastronok


Message History

You shoot an arrow. The arrow hits Gastronok!
Gastronok is heavily wounded.
Gastronok waves his eye-stalks in wide circles.
The air twists around and strikes you!!!
Ouch! That really hurt!
You shoot an arrow. The arrow hits Gastronok!
Gastronok is heavily wounded.
You shoot an arrow.
The arrow hits Gastronok but does no damage.
Gastronok is heavily wounded.
You shoot an arrow. The arrow hits Gastronok.
Gastronok is heavily wounded.
You shoot an arrow. The arrow hits Gastronok.
Gastronok is heavily wounded.
You shoot an arrow. The arrow hits Gastronok.
Gastronok is heavily wounded.
Gastronok waves his eye-stalks in wide circles.
The air twists around and strikes you!!
6830 ||| DRINKING potion of heal wounds.
You feel much better.
You shoot an arrow. The arrow hits Gastronok.
Gastronok is severely wounded.
Gastronok misses you.
You shoot an arrow. The arrow hits Gastronok.
Gastronok is severely wounded.
You shoot an arrow. The arrow hits Gastronok.
Gastronok is severely wounded.
You shoot an arrow. The arrow hits Gastronok.
Gastronok is severely wounded.
Gastronok completely misses you.
You shoot an arrow. The arrow hits Gastronok.
Gastronok is severely wounded.
You shoot an arrow. The arrow hits Gastronok.
Gastronok is severely wounded.
Gastronok gurgles, "I'll eat you, I will!"
Gastronok waves his eye-stalks in wide circles.
The air twists around and strikes you!!!
Ouch! That really hurt!
You die...
Gastronok gurgles, "About time.
I'm starving!"

#..####..##..##.#.#.............#
........##...##.#.#.........#...#
..###.####.#.##...#.###......##..
7'777+7###.#.....##.####........#
7.....7....####..##.......#)....#
7.###.7#.### #...###..####.....#
7.....7..# ###...###..# #......#
+.._..'.## #.....))..####[#....#
7.....7## #...@w..#...%..####..
7.###.7 #......##..#########.
7.....7 ##.................###


7+777'7 #......#..#.##.###..## ......# ###.........#.##..###... #######
#....###.#.##.###.w.#### # #....###.#............## # #........#.......[..#..[ #
#....#####..........#### You could see Gastronok.

Vanquished Creatures
  Pikel (D:6)
  Joseph (D:7)
  Maggie (D:8)
  Grinder (D:3)
  Grum (D:8)
  2 steam dragons (D:8)
  Edmund (D:6)
  A sky beast (D:6)
  Pargi (Sewer)
  3 wolves (D:8)
  An ogre (D:4)
  A phantom (D:6)
  A lemure (D:6)
  3 centaurs
  4 bullfrogs
  A scorpion (D:6)
  6 wights
  4 orc priests
  6 hounds
  3 iguanas
  5 sleepcaps
  Natasha (thrice) (D:2)
  6 orc wizards
  8 gnolls (D:5)
  11 adders
  2 shadow imps
  2 white imps
  2 ufetubi (D:5)
  4 worms
  A dart slug (D:1)
  30 orcs
  6 bats
  8 endoplasms
  2 giant cockroaches
  4 goblins
  7 hobgoblins
  7 jackals
  4 quokkas
  14 ball pythons
  9 frilled lizards
  6 kobolds
  4 rats
188 creatures vanquished.

Notes
Turn   | Place    | Note
-------+----------+-------------------------------------------
     0 | D:1      | qw the Gargoyle Hunter began the quest for the Orb.
     0 | D:1      | Reached XP level 1. HP: 12/12 MP: 1/1
     0 | D:1      | 0 ||| qw: Version: 0.3-a-76-g4403597
     0 | D:1      | 0 ||| qw: Game counter: 353
     0 | D:1      | 0 ||| qw: Melee chars always use a shield: true
     0 | D:1      | 0 ||| qw: God list: Okawaru
     0 | D:1      | 0 ||| qw: Allow faded altars: false
     0 | D:1      | 0 ||| qw: Do Orc after clearing Dungeon:15 true
     0 | D:1      | 0 ||| qw: Do second Lair branch before Depths: true
     0 | D:1      | 0 ||| qw: Lair rune preference: random
     0 | D:1      | 0 ||| qw: Goals: Normal
     0 | D:1      | 0 ||| PLANNING D:1-11
   135 | D:1      | Reached XP level 2. HP: 9/17 MP: 2/2
   490 | D:1      | Reached XP level 3. HP: 21/21 MP: 3/3
   631 | D:1      | 631 ||| UPGRADING to +0 ring mail.
   641 | D:1      | 641 ||| DROPPING +0 leather armour.
   642 | D:1      | 642 ||| UPGRADING to +2 pair of boots.
   647 | D:1      | 647 ||| READING scroll labelled XUZXURO BUVEOG.
   651 | D:1      | 651 ||| READING scroll labelled KUESYTZ SAIME.
   652 | D:1      | 652 ||| READING scroll labelled SIEKHLE VEFISYL.
   667 | D:1      | 667 ||| READING scroll labelled NANIEBLIWKU.
   668 | D:1      | 668 ||| DRINKING 2 silvery potions.
   669 | D:1      | 669 ||| DROPPING scroll of butterflies.
   682 | D:2      | Found Ceho's Distillery.
   685 | D:2      | 685 ||| SHOPLISTING potion of cancellation (96 gold, have
                  | 22).
   685 | D:2      | 685 ||| SHOPLISTING potion of curing (36 gold, have 22).
   685 | D:2      | 685 ||| SHOPLISTING potion of enlightenment (60 gold, have
                  | 22).
   685 | D:2      | 685 ||| SHOPLISTING potion of might (48 gold, have 22).
   758 | D:2      | Reached skill level 1 in Armour
   833 | D:2      | Reached skill level 5 in Ranged Weapons
   845 | D:2      | Found Ire Typi's Antique Armour Boutique.
   852 | D:2      | 852 ||| SHOPLISTING ancient robe (159 gold, have 40).
   852 | D:2      | 852 ||| SHOPLISTING runed leather armour (140 gold, have
                  | 40).
   852 | D:2      | 852 ||| SHOPLISTING runed ring mail (196 gold, have 40).
   852 | D:2      | 852 ||| SHOPLISTING runed robe (103 gold, have 40).
   876 | D:2      | Found Degyrph's Antique Weapon Shoppe.
   929 | D:2      | Found Gutisch's Antique Weapon Shop.
  1020 | D:2      | Found Gannom's Magic Scroll Shop.
  1029 | D:2      | 1029 ||| SHOPLISTING scroll of enchant weapon (90 gold,
                  | have 84).
  1029 | D:2      | 1029 ||| BUYING scroll of identify (24 gold).
  1029 | D:2      | Bought a scroll of identify for 24 gold pieces
  1029 | D:2      | 1029 ||| BUYING scroll of identify (24 gold).
  1029 | D:2      | Bought a scroll of identify for 24 gold pieces
  1029 | D:2      | 1029 ||| BUYING scroll of teleportation (36 gold).
  1029 | D:2      | Bought a scroll of teleportation for 36 gold pieces
  1141 | D:2      | Noticed Natasha
  1142 | D:2      | 1142 ||| Stepping ~*~*~tactically~*~*~ (outnumbered).
  1143 | D:2      | 1143 ||| Stepping ~*~*~tactically~*~*~ (outnumbered).
  1148 | D:2      | 1148 ||| Stepping ~*~*~tactically~*~*~ (retreating).
  1149 | D:2      | 1149 ||| Stepping ~*~*~tactically~*~*~ (retreating).
  1150 | D:2      | 1150 ||| Stepping ~*~*~tactically~*~*~ (retreating).
  1151 | D:2      | 1151 ||| Stepping ~*~*~tactically~*~*~ (retreating).
  1152 | D:2      | 1152 ||| Stepping ~*~*~tactically~*~*~ (retreating).
  1153 | D:2      | 1153 ||| RETREATING.
  1158 | D:2      | Killed Natasha
  1159 | D:2      | Reached skill level 3 in Fighting
  1159 | D:2      | Reached XP level 4. HP: 10/28 MP: 4/4
  1256 | D:2      | Noticed Natasha
  1258 | D:2      | Killed Natasha
  1330 | D:2      | Noticed Natasha
  1337 | D:2      | Killed Natasha
  1338 | D:2      | Reached XP level 5. HP: 26/32 MP: 5/5
  1412 | D:2      | 1412 ||| READING scroll labelled KOOCAO GEACHO.
  1413 | D:2      | 1413 ||| READING scroll labelled EPHAAW YNEG.
  1414 | D:2      | 1414 ||| READING 2 scrolls of identify.
  1414 | D:2      | 1414 ||| IDENTIFYING smoky red potion
  1531 | D:3      | Reached skill level 6 in Ranged Weapons
  1556 | D:3      | Found a sparkling altar of Nemelex Xobeh.
  1889 | D:3      | Noticed Grinder
  1890 | D:3      | Paralysed by Grinder for 2 turns
  1900 | D:3      | Paralysed by Grinder for 3 turns
  1908 | D:3      | Killed Grinder
  1909 | D:3      | Reached XP level 6. HP: 32/41 MP: 6/6
  2331 | D:3      | 2331 ||| UPGRADING to amulet of reflection.
  2336 | D:3      | 2336 ||| READING scroll labelled XOCAEKH JAIPH.
  2337 | D:3      | 2337 ||| READING 2 scrolls of identify.
  2337 | D:3      | 2337 ||| IDENTIFYING lumpy pink potion
  2365 | D:4      | Reached XP level 7. HP: 42/45 MP: 7/7
  2657 | D:4      | Reached skill level 7 in Ranged Weapons
  2996 | D:5      | Entered Level 5 of the Dungeon
  3165 | D:5      | Found a glowing silver altar of Zin.
  3225 | D:5      | Found a shadowy altar of Dithmenos.
  3304 | D:5      | 3304 ||| Stepping ~*~*~tactically~*~*~ (outnumbered).
  3314 | D:5      | 3314 ||| DRINKING 2 potions of curing.
  3314 | D:5      | 3314 ||| (to cure confusion)
  3387 | D:5      | Reached skill level 8 in Ranged Weapons
  3390 | D:5      | Reached XP level 8. HP: 45/51 MP: 8/8
  3542 | D:5      | 3542 ||| Stepping ~*~*~tactically~*~*~ (outnumbered).
  3866 | D:5      | 3866 ||| READING scroll labelled DUSHRE OCVEN.
  3867 | D:5      | 3867 ||| READING scroll labelled XOKUUS UXOM.
  3868 | D:5      | 3868 ||| READING 2 scrolls of identify.
  3868 | D:5      | 3868 ||| IDENTIFYING sapphire potion
  3911 | D:6      | 3911 ||| PLANNING SEWER
  3927 | D:6      | Noticed Pikel
  3927 | D:6      | 3927 ||| RETREATING.
  3955 | D:6      | Killed Pikel
  3956 | D:6      | Reached skill level 9 in Ranged Weapons
  3998 | D:6      | 3998 ||| READING scroll of enchant weapon.
  3998 | D:6      | 3998 ||| ENCHANTING +1 shortbow.
  4129 | D:6      | Reached skill level 6 in Fighting
  4138 | D:6      | Found a staircase to the Ecumenical Temple.
  4143 | D:6      | Noticed Edmund
  4158 | D:6      | HP: 5/51 [Edmund/+4 flail of venom (9)]
  4159 | D:6      | 4159 ||| READING 2 scrolls of teleportation.
  4160 | D:6      | 4160 ||| DRINKING potion of heal wounds.
  4279 | D:6      | 4279 ||| DRINKING 2 potions of curing.
  4279 | D:6      | 4279 ||| (to cure confusion)
  4281 | D:6      | Identified the +0 pair of gloves "Meuvegon" {rF+ MP+9 SInv}
  4365 | D:6      | Found a glowing drain.
  4366 | D:6      | 4366 ||| UPGRADING to +0 pair of gloves "Meuvegon" {rF+
                  | MP+9 SInv}.
  4371 | D:6      | 4371 ||| READING 2 scrolls of identify.
  4371 | D:6      | 4371 ||| IDENTIFYING fizzy emerald potion
  4384 | D:6      | Reached skill level 10 in Ranged Weapons
  4387 | D:6      | 4387 ||| Stepping ~*~*~tactically~*~*~ (water).
  4396 | D:6      | Reached skill level 3 in Armour
  4397 | Sewer    | Entered a sewer
  4436 | Sewer    | 4436 ||| Stepping ~*~*~tactically~*~*~ (water).
  4449 | Sewer    | Noticed Pargi
  4459 | Sewer    | Killed Pargi
  4460 | Sewer    | Reached XP level 9. HP: 55/56 MP: 9/9
  4508 | Sewer    | 4508 ||| Stepping ~*~*~tactically~*~*~ (water).
  4560 | Sewer    | 4560 ||| UPGRADING to +0 troll leather armour {Pargi}.
  4570 | Sewer    | 4570 ||| DROPPING +0 ring mail.
  4571 | Sewer    | 4571 ||| DRINKING 2 viscous pink potions.
  4586 | D:6      | 4586 ||| PLANNING TEMPLE
  4656 | D:6      | Killed Edmund
  4673 | Temple   | Entered the Ecumenical Temple
  4674 | Temple   | 4674 ||| PLANNING OKAWARU WORSHIP
  4692 | Temple   | Became a worshipper of Warmaster Okawaru
  4693 | Temple   | 4693 ||| PLANNING D:1-11
  4720 | D:6      | Found a shimmering altar of Xom.
  4787 | D:6      | Reached skill level 3 in Dodging
  5118 | D:6      | 5118 ||| READING 2 scrolls of identify.
  5118 | D:6      | 5118 ||| IDENTIFYING amethyst potion
  5119 | D:6      | 5119 ||| DROPPING potion of attraction.
  5364 | D:7      | Noticed Joseph
  5365 | D:7      | 5365 ||| Stepping ~*~*~tactically~*~*~ (outnumbered).
  5387 | D:7      | Killed Joseph
  5387 | D:7      | Reached * piety under Okawaru
  5388 | D:7      | Reached skill level 11 in Ranged Weapons
  5476 | D:7      | 5476 ||| DRINKING 2 inky potions.
  5577 | D:7      | Reached skill level 1 in Invocations
  5596 | D:7      | 5596 ||| INVOKING Heroism.
  5811 | D:7      | 5811 ||| UPGRADING to +5 ring of evasion.
  5812 | D:7      | 5812 ||| READING 3 scrolls of identify.
  5812 | D:7      | 5812 ||| IDENTIFYING bubbling orange potion
  5813 | D:7      | 5813 ||| READING 2 scrolls of identify.
  5813 | D:7      | 5813 ||| IDENTIFYING fizzy ruby potion
  5814 | D:7      | 5814 ||| DROPPING potion of brilliance.
  5815 | D:7      | 5815 ||| DROPPING potion of invisibility.
  5816 | D:7      | 5816 ||| DROPPING potion of lignification.
  5831 | D:8      | 5831 ||| INVOKING Heroism.
  5832 | D:8      | 5832 ||| STAIRDANCE
  5845 | D:8      | 5845 ||| STAIRDANCE
  5847 | D:7      | 5847 ||| INVOKING Heroism.
  5894 | D:8      | 5894 ||| INVOKING Heroism.
  5952 | D:8      | Noticed Grum
  5953 | D:8      | 5953 ||| RETREATING.
  5961 | D:8      | 5961 ||| INVOKING Heroism.
  5965 | D:8      | Reached XP level 10. HP: 57/64 MP: 11/11
  5984 | D:8      | 5984 ||| INVOKING Heroism.
  5989 | D:8      | Killed Grum
  6025 | D:8      | Noticed Maggie
  6029 | D:8      | 6029 ||| RETREATING.
  6064 | D:8      | Killed Maggie
  6065 | D:8      | Reached skill level 12 in Ranged Weapons
  6101 | D:8      | 6101 ||| INVOKING Heroism.
  6379 | D:8      | Found an ancient bone altar of Kikubaaqudgha.
  6480 | D:8      | 6480 ||| READING scroll of enchant weapon.
  6480 | D:8      | 6480 ||| ENCHANTING +2 shortbow.
  6492 | D:8      | 6492 ||| READING scroll labelled YGUIGA ELUO.
  6493 | D:8      | 6493 ||| READING 3 scrolls of identify.
  6493 | D:8      | 6493 ||| IDENTIFYING murky amethyst potion
  6497 | D:9      | Noticed Gastronok
  6497 | D:9      | Found a blossoming altar of Fedhas.
  6498 | D:9      | 6498 ||| INVOKING Heroism.
  6506 | D:9      | 6506 ||| STAIRDANCE
  6515 | D:9      | 6515 ||| RETREATING.
  6519 | D:9      | 6519 ||| Stepping ~*~*~tactically~*~*~ (retreating).
  6520 | D:9      | 6520 ||| Stepping ~*~*~tactically~*~*~ (retreating).
  6521 | D:9      | 6521 ||| Stepping ~*~*~tactically~*~*~ (retreating).
  6522 | D:9      | 6522 ||| STAIRDANCE
  6531 | D:8      | HP: 10/64 [Gastronok (11)]
  6532 | D:8      | 6532 ||| READING scroll of teleportation.
  6533 | D:8      | 6533 ||| DRINKING 2 potions of heal wounds.
  6672 | D:8      | 6672 ||| FLEEEEING.
  6687 | D:8      | 6687 ||| FLEEEEING.
  6688 | D:8      | 6688 ||| FLEEEEING.
  6698 | D:8      | 6698 ||| STAIRDANCE
  6829 | D:8      | HP: 11/64 [Gastronok/the air (21)]
  6830 | D:8      | 6830 ||| DRINKING potion of heal wounds.
  6836 | D:8      | Killed from afar by Gastronok

Levels and vault maps discovered:
D:1:      ncdulo_smallfort, layout_basic, grunt_decor_resistance,
          minmay_misc_feat_secret_circle
D:2:      layout_loops_ring, serial_shops, nicolae_shop_behind_doors, shop,
          nicolae_square_shop, shop, nicolae_shop_behind_doors, uniq_natasha
D:3:      layout_basic, mainiacjoe_overflow_boulevard, serial_park_tiny_1,
          ebering_dispersal_statue_hall, st_stairs_2, minivault_27, uniq_grinder
D:4:      layout_loops_ring, serial_bayou_pond_d, minmay_distorted
D:5:      layout_gridville, zin_treasury, kennysheep_little_box
D:6:      layout_basic, mainiacjoe_overflow_24_doors, temple_fountains,
          cheibrodos_sewer_entry_drain, glass_columns_b, uniq_edmund, uniq_pikel
D:7:      layout_rooms, nicolae_concentric_dashed_squares_mild,
          minmay_misc_feat_square, uniq_joseph
D:8:      layout_rooms, mainiacjoe_overflow_six_doors_small, uniq_maggie,
          uniq_grum
D:9:      layout_basic, mainiacjoe_overflow_alcove_2, fedhas_altar_2,
          hiddenorc2_lemuel, serial_shops, shop, uniq_gastronok, uniq_psyche,
          uniq_erica
Temple:   nicolae_temple_superstar

Skill      XL: |  1  2  3  4  5  6  7  8  9 10 |
---------------+-------------------------------+-----
Armour         | 1 3 |  3.0
Ranged Weapons | 5 6 8 10 11 12 | 12.2
Fighting       | 3 5 6 8 |  8.1
Dodging        | 2 3 |  3.5
Invocations    | 1 2 |  2.5
Stealth        | |  1.1

Action                     |  1- 3 |  4- 6 |  7- 9 | 10-12 || total
---------------------------+-------+-------+-------+-------++-------
   Fire: Shortbow          |   109 |   155 |   537 |   140 ||   941
 Invoke: Heroism           |       |       |     5 |     3 ||     8
    Use: Scroll            |     4 |     5 |     9 |     4 ||    22
         Potion            |     1 |       |     5 |     2 ||     8
 Armour: Leather armour    |    24 |       |       |       ||    24
         Ring mail         |    16 |    67 |   100 |       ||   183
         Troll leather arm |       |       |    44 |    23 ||    67
         Skin              |       |       |     3 |       ||     3
  Dodge: Dodged            |    50 |    44 |   149 |    43 ||   286
  Block: Other             |       |     2 |    76 |    20 ||    98
         Reflection        |       |       |     5 |       ||     5

Table legend:
 A = Non-vault XP
 B = Vault XP
 C = Vault XP percentage of total XP
 D = Non-vault monster count
 E = Vault monster count
 F = Vault count percentage of total count
                 A         B        C        D         E       F
            +---------+---------+-------+---------+---------+-------
      Total |    3429 |    2617 |  43.3 |     161 |      26 |  13.9
            +---------+---------+-------+---------+---------+-------
        D:1 |      36 |       0 |   0.0 |      22 |       0 |   0.0
        D:2 |     120 |      35 |  22.6 |      17 |       1 |   5.6
        D:3 |     139 |     285 |  67.2 |      25 |       2 |   7.4
        D:4 |     276 |       4 |   1.4 |      19 |       2 |   9.5
        D:5 |     562 |       0 |   0.0 |      31 |       0 |   0.0
        D:6 |     772 |     770 |  49.9 |      19 |       4 |  17.4
        D:7 |     622 |     450 |  42.0 |      13 |       1 |   7.1
        D:8 |     899 |     936 |  51.0 |      14 |       5 |  26.3
        D:9 |       3 |       0 |   0.0 |       1 |       0 |   0.0
      Sewer |       0 |     137 | 100.0 |       0 |      11 | 100.0
            +---------+---------+-------+---------+---------+-------
